 Dungeon Crawl Stone Soup version 0.30-a0-728-gc68057be0a (webtiles) character file.

Game seed: 5056276593708818954

36 Oxelix the Trooper (level 3, 0/30 HPs)
             Began as a Barachi Fighter on Jan 30, 2023.
             Slain by an orc wizard
             ... wielding a +0 dagger
              (1 damage)
             ... on level 2 of the Dungeon.
             The game lasted 00:02:27 (954 turns).

Oxelix the Trooper (Barachi Fighter)                 Turns: 954, Time: 00:02:28

Health: 0/30       AC:  6    Str: 17    XL:     3   Next: 37%
Magic:  3/3        EV:  9    Int:  8    God:
Gold:   55         SH:  4    Dex: 13    Spells: 2/2 levels left

rFire   . . .      SeeInvis .    a - +0 long sword
rCold   . . .      Faith    .    c - +0 buckler
rNeg    . . .      Spirit   .    b - +0 scale mail
rPois   .          Reflect  .    (no helmet)
rElec   .          Harm     .    (no cloak)
rCorr   .          Rampage  .    (no gloves)
Will    .....                    (no boots) Stlth
                                 (no amulet)
HPRegen 0.25/turn                (no ring)
MPRegen 0.08/turn                (no ring)

@: mighty, slow
A: amphibious, slowness 1, strong legs 1, +LOS
a: Hop


You were on level 2 of the Dungeon.
You visited 1 branch of the dungeon, and saw 2 of its levels.

You collected 55 gold pieces.

Inventory:

Hand Weapons
 a - a +0 long sword (weapon)
Missiles
 j - 6 poisoned darts
Armour
 b - a +0 scale mail (worn)
 c - a +0 buckler (worn)
Scrolls
 e - 2 scrolls of identify {unknown}
 f - 5 scrolls of teleportation {unknown}
 g - a scroll of magic mapping {unknown}
 i - a scroll of torment {unknown}
 k - a scroll of blinking {unknown}
 l - a scroll of enchant armour {unknown}
Potions
 h - 2 potions of heal wounds {unknown}


   Skills:
 + Level 4.2 Fighting
 * Level 4.0 Long Blades
 - Level 3.6 Armour
 - Level 3.2 Shields


You had 2 spell levels left.
You didn't know any spells.
Your spell library was empty.

Dungeon Overview and Level Annotations

Branches:
Dungeon (2/15)

Altars:


Innate Abilities, Weirdness & Mutations

You are amphibious.
You cover ground slowly.
You can hop short distances.
You have an extended range of vision and can be seen from far away.


Message History

You hit the orc.
You kill the orc!
You hear some strange, mumbled words.
You are confused.
Your Long Blades skill increases to level 4!
You're too confused to move!
Something hits you but does no damage.
You bump into the rock wall.
Something hits you.
You bump into the rock wall.
Something hits you.
You completely miss something. Something hits you but does no damage.
Unknown command.
You miss something. Something hits you. Something hits you.
You feel less confused.
You miss something. Something hits you. Something hits you but does no damage.
You block the orc's attack.
You hit something. Something hits you but does no damage.
The orc hits you but does no damage.
You closely miss the orc. Something hits you but does no damage.
The orc barely misses you. The orc attacks as you move away!
You block the orc's attack. Something hits you but does no damage.
A magic dart appears from out of thin air!
The magic dart hits you.
You closely miss something. Something hits you.
You completely miss something.
You hear some strange, mumbled words.
A magic dart appears from out of thin air!
The magic dart hits you!
You miss something. Something hits you.
You miss something. Something hits you but does no damage.
You feel very mighty all of a sudden.
You hear some strange, mumbled words.
A puff of flame appears from out of thin air!
The puff of flame hits you!
* * * LOW HITPOINT WARNING * * *
You miss something.
Something hits you but does no damage. x2
You closely miss something. Something hits you.
* * * LOW HITPOINT WARNING * * *
You closely miss something. Something hits you.
You die...

##########.
##o.).......
##{#.######..
#@###..
######..# ###
#......#.......
#.######.......
#.# ..#### #.#
..# #.# (.#.##
#.# #.....##
#.# #......##


You could see an orc.

Vanquished Creatures
  A dart slug (D:1)
  An orc (D:2)
  3 ball pythons
  3 bats
  3 endoplasms
  A giant cockroach (D:1)
  3 hobgoblins (D:1)
  A quokka (D:2)
  3 frilled lizards
  5 goblins
  4 kobolds
  2 rats
30 creatures vanquished.

Notes
Turn   | Place    | Note
-------+----------+-------------------------------------------
     0 | D:1      | Oxelix the Barachi Fighter began the quest for the Orb.
     0 | D:1      | Reached XP level 1. HP: 18/18 MP: 1/1
   169 | D:1      | Reached XP level 2. HP: 25/25 MP: 2/2
   772 | D:2      | Reached XP level 3. HP: 24/30 MP: 3/3
   951 | D:2      | HP: 1/30 [something/puff of flame (10)]
   954 | D:2      | Slain by an orc wizard

Illustrated notes

Levels and vault maps discovered:
D:1:      psy_arrival_whirlpool, layout_loops_ring
D:2:      layout_loops_ring, basic_ecumenical_altar, nicolae_shop_unique_rings,
          grunt_ministairs_3

Skill      XL: |  1  2  3 |
---------------+----------+-----
Long Blades    | 3 4 |  4.0
Fighting       | 4 |  4.2
Armour         | |  3.6
Shields        | |  3.2

Action                     || total
---------------------------++-------
  Melee: Long sword        ||    92
Ability: Hop               ||     1
    Use: Potion            ||     1
 Armour: Scale mail        ||    45
         Leather armour    ||     2
  Dodge: Dodged            ||    42
  Block: Buckler           ||    20

Table legend: (Time is in decaauts)
 A = Elapsed time spent in this place.
 B = Non-inter-level travel time spent in this place.
 C = Inter-level travel time spent in this place.
 D = Time resting spent in this place.
 E = Time spent auto-exploring this place.
 F = Levels seen in this place.
 G = Mean time per level.
                   A        B        C        D        E       F      G
               +--------+--------+--------+--------+--------+-----+--------+
         Total |   1128 |   1103 |     25 |      0 |    768 |   2 |  564.0 |
       Dungeon |   1128 |   1103 |     25 |      0 |    768 |   2 |  564.0 |
               +--------+--------+--------+--------+--------+-----+--------+

Top non-repeatable levels by time:
     D:1: 881 daAuts
     D:2: 246 daAuts
